 Dungeon Crawl Stone Soup version 0.20.0-15-g7f486f2 (webtiles) character file.

90603 NoAnimeNoLife the Bludgeoner (level 15, -32/143 HPs)
             Began as a Minotaur Fighter on June 14, 2017.
             Was the Champion of Makhleb.
             Killed from afar by a deep elf knight (43 damage)
             ... with a shard of ice
             ... led by a deep elf high priest
             ... on level 2 of the Elven Halls.
             The game lasted 00:59:51 (20372 turns).

NoAnimeNoLife the Bludgeoner (Minotaur Fighter)    Turns: 20372, Time: 00:59:53

Health: -32/143    AC: 15    Str: 23    XL:     15   Next: 52%
Magic:  21/21      EV: 15    Int:  4    God:    Makhleb [******]
Gold:   2172       SH: 11    Dex: 27    Spells: 14/14 levels left

rFire    + + .     SeeInvis .   D - +5 mace
rCold    + + +     Gourm    .   R - +1 buckler {rF+}
rNeg     + . .     Faith    .   m - +3 scale mail "Naxeumoe" {-Tele rElec rC++}
rPois    +         Spirit   .   (helmet restricted)
rElec    +         Reflect  .   a - +2 ratskin cloak {+Rats rPois rN+ Str-1 Int-1 Dex+1}
rCorr    .         Harm     .   (no gloves)
MR       ++...     Clarity  +   (no boots) Stlth +.........NoTele +
                                v - amulet of regeneration
Regen    0.8/turn               C - ring of Qerim {rElec rF+ MR+ Stlth-}
MPRegen  0.2/turn               O - ring "Qiudos" {rC+ Str+3 Dex+3}

@: agile, studying Maces & Flails, drained
A: retaliatory headbutt, horns 2, thin skeletal structure 1, clarity, robust 1,
subdued magic 1
a: Minor Destruction, Lesser Servant of Makhleb, Major Destruction, Greater
Servant of Makhleb, Renounce Religion, Evoke Ratskin


You were on level 2 of the Elven Halls.
You worshipped Makhleb.
Makhleb was exalted by your worship.
You were not hungry.

You visited 5 branches of the dungeon, and saw 22 of its levels.
You also visited: Labyrinth.

You collected 2374 gold pieces.
You spent 202 gold pieces at shops.

Inventory:

Hand Weapons
 D - a +5 mace (weapon)
Armour
 a - the +2 ratskin cloak (worn) {+Rats rPois rN+ Str-1 Int-1 Dex+1}
   (You found it on level 7 of the Dungeon)

   It affects your strength (-1).
   It affects your intelligence (-1).
   It affects your dexterity (+1).
   It protects you from poison.
   It protects you from negative energy.
 c - a +1 shield
 m - the +3 scale mail "Naxeumoe" (worn) {-Tele rElec rC++}
   (You found it on level 7 of the Dungeon)

   It greatly protects you from cold.
   It insulates you from electricity.
   It prevents most forms of teleportation.
 B - a +1 cloak of poison resistance
 R - a +1 buckler of fire resistance (worn)
Jewellery
 i - an uncursed ring of protection from fire
 s - an uncursed ring of wizardry
 v - an amulet of regeneration (around neck)
 y - a +3 ring of dexterity
 z - an uncursed ring of fire
 C - the ring of Qerim (left hand) {rElec rF+ MR+ Stlth-}
   (You found it on level 6 of the Dungeon)

   [ring of loudness]

   It protects you from fire.
   It insulates you from electricity.
   It affects your resistance to hostile enchantments.
   It makes you less stealthy.
 N - an uncursed ring of flight
 O - the ring "Qiudos" (right hand) {rC+ Str+3 Dex+3}
   (You found it on level 8 of the Dungeon)

   [ring of dexterity]

   It affects your strength (+3).
   It affects your dexterity (+3).
   It protects you from cold.
 P - an uncursed ring of ice
Wands
 t - a wand of lightning (0/15)
 w - a wand of flame (6/48)
 x - a wand of iceblast (0/15)
 F - a wand of random effects (23/48)
 J - a wand of random effects (28/48)
 M - a wand of random effects (10/48)
 T - a wand of random effects (0/48)
 Z - a wand of paralysis (17/24)
Scrolls
 d - 4 scrolls of identify
 e - a scroll of blinking
 h - a scroll of immolation
 j - a scroll of amnesia
 k - 12 scrolls of remove curse
 q - 5 scrolls of teleportation
 r - 5 scrolls of magic mapping
 u - 4 scrolls of enchant weapon
 W - a scroll of torment
Potions
 l - a potion of flight
 p - a potion of berserk rage
 E - 3 potions of curing
 G - 2 potions of ambrosia
 H - 2 potions of cancellation
 L - a potion of brilliance
 S - 2 potions of magic
 U - a potion of mutation
Books
 b - a manual of Maces & Flails
 K - a book of Battle

   Spells                             Type                      Level
   a - Infusion                       Charms                       1
   b - Shroud of Golubria             Charms/Translocation         2
   c - Song of Slaying                Charms                       2
   d - Spectral Weapon                Hexes/Charms                 3
   e - Regeneration                   Charms/Necromancy            3
Miscellaneous
 I - a phial of floods (inert)
 Q - a lightning rod (inert)
Comestibles
 f - 7 bread rations
 g - 9 meat rations
 n - 3 royal jellies
 o - a fruit


   Skills:
 + Level 11.5(11.2) Fighting
 + Level 20.7(20.3) Maces & Flails
 + Level 11.9(11.6) Armour
 * Level 15.3(15.0) Shields
 + Level 9.7(9.4) Invocations
 + Level 8.8(8.6) Evocations


You had 14 spell levels left.
You didn't know any spells.

Dungeon Overview and Level Annotations

Branches:
Dungeon (11/15)            Temple (1/1) D:5            Lair (6/6) D:9
  Swamp (0/4) Lair:4        Snake (0/4) Lair:4        Slime (0/5) Lair:6
    Orc (2/2) D:9             Elf (2/3) Orc:2

Altars:
Ashenzari
Cheibriados
Dithmenos
Elyvilon
Fedhas
Gozag
Hepliaklqana
Kikubaaqudgha
Makhleb
Nemelex Xobeh
Okawaru
Qazlal
Ru
Sif Muna
Trog
Uskayaw
Vehumet
Xom
Yredelemnul
Zin
The Shining One
Beogh

Shops:
D:6 [   D:9 (   Orc:2 ![?%


Innate Abilities, Weirdness & Mutations

You reflexively headbutt those who attack you in melee.
You have a pair of horns on your head.
You have a somewhat thin skeletal structure. (Dex +2, Stealth)
You possess an exceptional clarity of mind.
You are robust. (+10% HP)
Your spells are a little easier to cast, but a little less powerful.


Message History

The deep elf mage seems less brilliant. x2
The hell rat disappears in a puff of smoke!
The deep elf archer shoots an arrow.
You block the arrow.
The deep elf mage is empowered by the deep elf high priest's aura! x2
The deep elf high priest invokes the aid of its god against you.
Something smites you!
* * * LOW HITPOINT WARNING * * *
The deep elf mage gestures wildly while chanting.
The deep elf mage blinks!
The deep elf mage mumbles some strange words.
There is a stone staircase leading up here.
You see here an arrow.
You feel better.
The deep elf mage is empowered by the deep elf high priest's aura!
The deep elf archer shoots an arrow.
The arrow barely misses you.
Some rock shatters into small pieces.
You hear some strange, mumbled words.
A shard of ice appears from out of thin air!
The shard of ice hits you! You partially resist.
You die...

[...s).s).e.(....)..## .
ee.4s#35##§#......)#.## ##.
...Ye§#4.##.......###.####.#
....##e#s(eee#...## ##.##...
... ##4#.E##.#<#.. ##.#... #
##Ee.E##...... ##.#.#
#.e#2.##..... ##..#
#.#.##...§#..... ##.#
.......@(....... #####..
.......e................
..#.#.##...#...e.######.#
...... .......... #..# ....
#.......... #.#.# #.
##.....#..# ...#.# #
##....#### #.. .## ......
... .


You could see a demonic crawler, 2 deep elf archers, a deep elf high priest, 3
earth elementals, a rust devil, 4 deep elf magi and a friendly cacodemon.

Vanquished Creatures
  Nikola (Elf:1)
  2 deep elf sorcerers (Elf:1)
  A deep elf annihilator (Elf:1)
  A minotaur (Lab)
  2 deep elf high priests (Elf:1)
  4 hydras
  A catoblepas (Lair:4)
  Erica (D:8)
  A two-headed ogre (D:9)
  A centaur warrior (Orc:2)
  2 dancing weapons
  A tengu warrior (D:11)
  9 deep elf knights
  An unseen horror (D:7)
  3 orc knights (Orc:2)
  3 deep elf archers (Elf:1)
  Pikel (D:4)
  28 deep elf magi
  An orc sorcerer (Orc:2)
  An oklob plant (Lair:6)
  3 cyclopes (D:11)
  Joseph (D:10)
  2 black mambas
  16 elephants
  12 spiny frogs
  9 komodo dragons
  A small abomination (Elf:1)
  3 trolls
  5 polar bears (Lair:6)
  14 blink frogs
  8 hippogriffs
  15 dream sheep
  3 hornets (Lair:6)
  A shadow (D:7)
  12 spriggans (Lair:6)
  3 air elementals (Elf:2)
  Sigmund (D:2)
  A wyvern (Lair:3)
  31 yaks
  Eustachio (D:5)
  2 basilisks
  A fire elemental (Elf:1)
  A steam dragon (D:10)
  Menkaure (D:4)
  3 nagas (Lair:4)
  A hungry ghost (D:7)
  2 insubstantial wisps (Lair:4)
  16 water moccasins
  3 wargs
  Duvessa (D:4)
  An acid dragon (D:11)
  9 porcupines
  2 sky beasts
  A swamp drake (Lair:4)
  2 ice beasts (D:6)
  35 orc warriors
  A slave (D:4)
  5 black bears
  An eye of draining (D:7)
  2 phantoms
  27 wolves
  5 boggarts (Lair:6)
  10 centaurs
  13 crocodiles
  16 ogres
  A big kobold (D:11)
  18 bullfrogs
  2 earth elementals (Elf:1)
  Dowan (D:4)
  A gnoll sergeant (Orc:1)
  2 scorpions
  3 wyvern skeletons
  15 wights
  A vampire bat (Orc:2)
  4 howler monkeys
  4 electric eels
  A crimson imp (D:10)
  A centaur zombie (D:9)
  A quasit (D:11)
  3 jellies
  9 hounds
  17 orc priests
  18 orc wizards
  A centaur skeleton (D:9)
  An iguana (D:7)
  Jessica (D:3)
  13 worker ants
  A statue (D:8)
  A killer bee zombie (D:7)
  A worker ant zombie (D:5)
  A howler monkey zombie (D:5)
  Robin (D:3)
  18 gnolls
  A howler monkey skeleton (D:6)
  14 adders
  A shadow imp (D:7)
  An ooze (D:6)
  2 adder skeletons
  3 adder zombies
  A dart slug (D:2)
  2 worms (D:2)
  7 leopard geckos
  86 orcs
  2 ball pythons (D:5)
  16 bats
  6 giant cockroaches
  22 goblins
  9 hobgoblins
  4 jackals
  A quokka (D:8)
  4 frilled lizards
  A giant cockroach zombie (D:6)
  9 kobolds
  2 quokka skeletons
  14 rats
  A plant (Lair:4)
718 creatures vanquished.

Vanquished Creatures (collateral kills)
  A hydra (Lair:3)
  5 deep elf knights (Elf:1)
  A lindwurm (shapeshifter) (Elf:1)
  A lindwurm (Lair:4)
  6 deep elf archers
  5 deep elf magi
  3 oklob plants (Lair:6)
  A komodo dragon (Lair:3)
  A hippogriff (Lair:3)
  2 spriggans (Lair:6)
  5 yaks
  2 vampire mosquitoes (Lair:4)
  A warg (Orc:2)
  A naga (Lair:4)
  2 porcupines (Lair:3)
  6 orc warriors (Orc:2)
  A black bear (Lair:6)
  3 wolves
  4 centaurs (Orc:2)
  2 orc priests (D:9)
  2 orc wizards (Orc:2)
  9 orcs
  2 bats (Orc:2)
66 creatures vanquished.

Vanquished Creatures (others)
  A deep elf knight (Elf:1)
  An orc (D:4)
  A quokka (D:4)
  2 bushes (Elf:1)
  A crawling corpse (Elf:1)
  11 fungi
  10 plants
27 creatures vanquished.

Grand Total: 811 creatures vanquished

Notes
Turn   | Place    | Note
-------+----------+-------------------------------------------
     0 | D:1      | NoAnimeNoLife the Minotaur Fighter began the quest for the Orb.
     0 | D:1      | Reached XP level 1. HP: 19/19 MP: 0/0
   134 | D:1      | Reached skill level 3 in Maces & Flails
   180 | D:1      | Reached XP level 2. HP: 26/26 MP: 1/1
   438 | D:1      | Reached skill level 4 in Maces & Flails
   633 | D:1      | Reached XP level 3. HP: 28/31 MP: 2/2
   924 | D:2      | Noticed Sigmund
   937 | D:2      | HP: 1/31 [Sigmund/scythe (7)]
   938 | D:2      | Killed Sigmund
   938 | D:2      | Reached skill level 6 in Maces & Flails
   938 | D:2      | Reached XP level 4. HP: 2/39 MP: 3/3
   938 | D:2      | Reached XP level 5. HP: 2/45 MP: 4/4
  1248 | D:2      | Reached skill level 7 in Maces & Flails
  1729 | D:2      | Reached XP level 6. HP: 50/51 MP: 5/5
  1996 | D:3      | Noticed Jessica
  2006 | D:3      | Killed Jessica
  2221 | D:3      | Noticed Robin
  2223 | D:3      | Gained mutation: You are agile. (Dex +2) [potion of mutation]
  2223 | D:3      | Gained mutation: You are occasionally teleported next to monsters. [potion of mutation]
  2223 | D:3      | Gained mutation: Your spells are a little easier to cast, but a little less powerful. [potion of mutation]
  2223 | D:3      | Gained mutation: Your flesh is cold resistant. (rC+) [potion of mutation]
  2225 | D:3      | Reached skill level 8 in Maces & Flails
  2298 | D:3      | Killed Robin
  2536 | D:3      | Found a faded altar of an unknown god.
  2828 | D:3      | Reached skill level 9 in Maces & Flails
  2828 | D:3      | Reached XP level 7. HP: 28/57 MP: 6/6
  3146 | D:4      | Noticed Duvessa
  3147 | D:4      | Noticed Dowan
  3177 | D:4      | Killed Duvessa
  3185 | D:4      | Killed Dowan
  3185 | D:4      | Reached skill level 10 in Maces & Flails
  3189 | D:4      | Lost mutation: You are agile. (Dex +2) [potion of mutation]
  3189 | D:4      | Lost mutation: Your spells are a little easier to cast, but a little less powerful. [potion of mutation]
  3189 | D:4      | Gained mutation: Your system is resistant to poisons. (rPois) [potion of mutation]
  3189 | D:4      | Lost mutation: Your flesh is cold resistant. (rC+) [potion of mutation]
  3189 | D:4      | Gained mutation: You are resistant to electric shocks. (rElec) [potion of mutation]
  3211 | D:4      | Noticed Menkaure
  3216 | D:4      | Killed Menkaure
  3264 | D:4      | Found a shimmering altar of Xom.
  3301 | D:4      | Noticed Pikel
  3331 | D:4      | Killed Pikel
  3331 | D:4      | Reached skill level 12 in Maces & Flails
  3331 | D:4      | Reached XP level 8. HP: 23/64 MP: 7/7
  3536 | D:4      | Lost mutation: You are resistant to electric shocks. (rElec) [potion of mutation]
  3536 | D:4      | Lost mutation: You are occasionally teleported next to monsters. [potion of mutation]
  3536 | D:4      | Lost mutation: Your system is resistant to poisons. (rPois) [potion of mutation]
  3536 | D:4      | Gained mutation: You have a somewhat thin skeletal structure. (Dex +2, Stealth) [potion of mutation]
  3536 | D:4      | Gained mutation: You possess an exceptional clarity of mind. [potion of mutation]
  3536 | D:4      | Gained mutation: Your spells are a little easier to cast, but a little less powerful. [potion of mutation]
  3536 | D:4      | Gained mutation: You are robust. (+10% HP) [potion of mutation]
  3542 | D:4      | Found a white marble altar of Elyvilon.
  3706 | D:5      | Entered Level 5 of the Dungeon
  3726 | D:5      | Found a staircase to the Ecumenical Temple.
  3738 | Temple   | Entered the Ecumenical Temple
  4165 | Temple   | Became a worshipper of Makhleb the Destroyer
  4342 | D:5      | Found a basalt altar of Yredelemnul.
  4347 | D:5      | Found a glowing golden altar of the Shining One.
  4560 | D:5      | Noticed Eustachio
  4583 | D:5      | Killed Eustachio
  4583 | D:5      | Reached skill level 13 in Maces & Flails
  4720 | D:5      | Noticed an angel
  4965 | D:6      | Reached XP level 9. HP: 77/77 MP: 8/8
  5008 | D:6      | Found Ovif's Antique Armour Boutique.
  5083 | D:6      | Reached skill level 14 in Maces & Flails
  5133 | D:6      | Got a vibrating bronze ring
  5232 | D:6      | Reached * piety under Makhleb
  5596 | D:7      | Reached skill level 15 in Maces & Flails
  5877 | D:7      | Got a smoking great sword
  5878 | D:7      | Identified the +6 great sword of Guile {drain, Stlth+} (You found it on level 7 of the Dungeon)
  5879 | D:7      | Identified the ring of Qerim {rElec rF+ MR+ Stlth-} (You found it on level 6 of the Dungeon)
  5935 | D:7      | Found a stormy altar of Qazlal.
  6143 | D:7      | Reached ** piety under Makhleb
  6154 | D:7      | Reached XP level 10. HP: 80/85 MP: 9/9
  6333 | D:7      | Reached skill level 1 in Invocations
  6351 | D:7      | Reached skill level 5 in Shields
  6361 | D:7      | Killed an unseen horror
  6361 | D:7      | Reached skill level 1 in Evocations
  6373 | D:7      | Got a bloodstained scale mail
  6386 | D:7      | Identified the +3 scale mail "Naxeumoe" {-Tele rElec rC++} (You found it on level 7 of the Dungeon)
  6505 | D:7      | Reached skill level 16 in Maces & Flails
  6583 | D:7      | Found a deep blue altar of Sif Muna.
  6720 | D:8      | Noticed Erica
  6735 | D:8      | Killed Erica
  6735 | D:8      | Reached skill level 5 in Fighting
  6735 | D:8      | Reached skill level 5 in Armour
  6845 | D:8      | Got a crude ivory ring
  6948 | D:8      | Identified the ring "Qiudos" {rC+ Str+3 Dex+3} (You found it on level 8 of the Dungeon)
  6985 | D:8      | Found a radiant altar of Vehumet.
  7213 | D:9      | Reached *** piety under Makhleb
  7308 | D:9      | Found a staircase to the Orcish Mines.
  7327 | D:9      | Noticed a two-headed ogre
  7345 | D:9      | Killed a two-headed ogre
  7425 | D:9      | Reached XP level 11. HP: 96/97 MP: 12/12
  7521 | D:9      | Found an ancient bone altar of Kikubaaqudgha.
  7524 | D:9      | Found a blossoming altar of Fedhas.
  7526 | D:9      | Found a shadowy altar of Dithmenos.
  7537 | D:9      | Found Imotaste's Antique Weapon Shop.
  7565 | D:9      | Reached **** piety under Makhleb
  7688 | D:9      | Found a staircase to the Lair.
  7967 | D:10     | Entered Level 10 of the Dungeon
  8108 | D:10     | Noticed Joseph
  8142 | D:10     | Killed Joseph
  8467 | D:11     | Reached ***** piety under Makhleb
  8747 | D:11     | Noticed a tengu warrior
  8761 | D:11     | Killed a tengu warrior
  8945 | D:11     | Reached skill level 17 in Maces & Flails
  9427 | Lair:1   | Entered Level 1 of the Lair of Beasts
  9439 | Lair:1   | Reached skill level 5 in Invocations
  9604 | Lair:1   | Reached XP level 12. HP: 110/110 MP: 14/14
  9729 | Lair:1   | Noticed a four-headed hydra
  9744 | Lair:1   | Killed a four-headed hydra
  9926 | Lair:1   | Reached skill level 10 in Shields
 10238 | Lair:1   | Reached skill level 5 in Evocations
 10350 | Lair:2   | Found a labyrinth entrance.
 10362 | Lab      | Entered a labyrinth
 10599 | Lab      | Noticed a minotaur
 10609 | Lab      | Killed a minotaur
 10915 | Lair:2   | Reached skill level 18 in Maces & Flails
 11871 | Lair:3   | Reached XP level 13. HP: 100/118 MP: 16/16
 12721 | Lair:4   | Found a staircase to the Swamp.
 12752 | Lair:4   | Found a staircase to the Snake Pit.
 13581 | Lair:5   | Reached ****** piety under Makhleb
 14280 | Lair:5   | Reached skill level 19 in Maces & Flails
 14414 | Lair:6   | Entered Level 6 of the Lair of Beasts
 14444 | Lair:6   | Reached skill level 10 in Armour
 14714 | Lair:6   | Reached XP level 14. HP: 55/130 MP: 18/18
 14962 | Lair:6   | Paralysed by a hornet for 1 turns
 15124 | Lair:6   | Reached skill level 10 in Fighting
 15574 | Lair:6   | Found a staircase to the Slime Pits.
 16231 | Orc:1    | Entered Level 1 of the Orcish Mines
 16629 | Orc:1    | Found a roughly hewn altar of Beogh.
 17005 | Orc:2    | Entered Level 2 of the Orcish Mines
 17333 | Orc:2    | Found a staircase to the Elven Halls.
 18060 | Orc:2    | Found Niuj's Antique Armour Boutique.
 18060 | Orc:2    | Found Ucomoaj's Magic Scroll Emporium.
 18062 | Orc:2    | Found Ratad's Food Shoppe.
 18064 | Orc:2    | Found Boeheq's Distillery.
 18070 | Orc:2    | Bought a runed buckler for 202 gold pieces
 18413 | Elf:1    | Entered Level 1 of the Elven Halls
 18824 | Elf:1    | Reached skill level 20 in Maces & Flails
 18909 | Elf:1    | Noticed Nikola
 18961 | Elf:1    | HP: 4/134 [Nikola/chain lightning (5)]
 18964 | Elf:1    | Killed Nikola
 18993 | Elf:1    | Noticed a deep elf sorcerer
 19000 | Elf:1    | Killed a deep elf sorcerer
 19375 | Elf:1    | Reached XP level 15. HP: 140/140 MP: 20/20
 19549 | Elf:1    | Noticed a deep elf sorcerer
 19558 | Elf:1    | Reached skill level 15 in Shields
 19563 | Elf:1    | Killed a deep elf sorcerer
 20369 | Elf:2    | HP: 4/143 [deep elf mage/stone arrow (36)]
 20372 | Elf:2    | Killed from afar by a deep elf knight

Skill      XL: |  1  2  3  4  5  6  7  8  9 10 11 12 13 14 15 |
---------------+----------------------------------------------+-----
Maces & Flails | 3 4 6 7 9 12 13 15 16 17 18 19 20 | 20.7
Shields        | 4 7 9 11 13 14 15 | 15.3
Fighting       | 4 5 7 8 9 10 11 | 11.5
Armour         | 5 7 9 10 11 | 11.9
Invocations    | 3 5 6 7 9 |  9.7
Evocations     | 2 4 6 7 8 |  8.8

Action                   |  1- 3 |  4- 6 |  7- 9 | 10-12 | 13-15 || total
-------------------------+-------+-------+-------+-------+-------++-------
Melee: Flail             |    74 |   142 |   141 |       |       ||   357
       Headbutt          |     7 |    19 |    57 |   274 |   440 ||   797
       Mace              |       |       |   108 |   867 |  1398 ||  2373
Invok: Lesser Servant of |       |       |       |     2 |     2 ||     4
       Major Destruction |       |       |       |     1 |     4 ||     5
       Greater Servant o |       |       |       |       |     7 ||     7
 Abil: Evoke Ratskin     |       |       |       |     9 |     2 ||    11
Evoke: Phial of floods   |       |       |       |     2 |     4 ||     6
       Wand              |       |       |       |     1 |    34 ||    35
       Lightning rod     |       |       |       |       |     8 ||     8
  Use: Potion            |     2 |     1 |     7 |     1 |    12 ||    23
       Scroll            |       |       |     3 |    28 |     4 ||    35
 Stab: Distracted        |       |       |       |       |     4 ||     4
       Paralysed         |       |       |       |       |     4 ||     4
       Confused          |       |       |       |       |     2 ||     2
  Eat: Chunk             |       |     6 |     6 |    19 |    15 ||    46
       Bread ration      |       |       |     1 |       |       ||     1
       Royal jelly       |       |       |       |     2 |     2 ||     4
       Fruit             |       |       |       |       |     7 ||     7
       Meat ration       |       |       |       |       |     1 ||     1
Armor: Scale mail        |    48 |    32 |    50 |   227 |   449 ||   806
       Plate armour      |       |       |     8 |    29 |       ||    37
       Skin              |       |       |       |       |    14 ||    14
Dodge: Dodged            |    26 |    24 |    49 |   185 |   347 ||   631
Block: Shield            |    38 |    60 |   107 |   451 |   896 ||  1552
       Buckler           |       |       |       |       |   127 ||   127
